Map: 赛博森林-天梯版

Players

Serral - Winner!

  • Race: Zerg Zerg

msrm

  • Race: Zerg Zerg
  • League: Master

Event: WESG 2018 Grand Finals

VOD

Have the link to the VOD?

Description

Time

  • Played on: March 11, 2019, 4:10 a.m.
  • Length: 7:57

All games in this series

Show
View Real Time Build Order
Export as new Build Order

Serral Zerg - Winner!

Build Orders: Hatch First 

Get SALT Encoding   

  12  0:00  Drone  
  13  0:12  Overlord  
  13  0:17  Drone  
  14  0:30  Drone  
  14  0:31  Drone  
  16  0:48  Hatchery  
  15  0:51  Drone  
  15  0:55  Drone  
  17  1:08  Spawning Pool  
  17  1:10  Extractor  
  15  1:13  Drone  
  15  1:16  Drone  
  17  1:20  Drone  
  18  1:29  Drone  
  19  1:56  Zergling x2  
  19  1:57  Zergling x2  
  19  1:59  Queen x2  
  19  2:00  Zergling x4  
  27  2:11  Zergling x2  
  27  2:15  Overlord  
  28  2:36  Drone x2  
  28  2:37  Drone  
  31  2:42  Drone  
  32  2:46  Queen  
  34  2:52  Overlord  
  34  2:55  Drone  
  34  2:57  Drone  
  36  3:11  Drone x2  
  36  3:12  Drone x3  
  41  3:21  Evolution Chamber  
  41  3:22  Drone  
  41  3:31  Roach Warren  
  41  3:32  Drone  
  40  3:35  Drone x2  
  40  3:39  Extractor  
  40  3:40  Overlord  
  41  3:43  Drone  
  41  3:48  Evolution Chamber  
  41  3:51  Spine Crawler  
  41  3:54  Overlord, Spine Crawler  
  40  4:07  Evolution Chamber  
  39  4:11  Evolution Chamber  
  39  4:12  Spore Crawler  
  39  4:13  Roach x3  
  43  4:18  Roach  
  43  4:20  Roach  
  43  4:22  Roach  
  49  4:27  Roach  
  48  4:31  Zergling x2  
  48  4:35  Roach x2  
  48  4:42  Roach  
  47  4:46  Drone  
  48  4:54  Drone x2  
  48  5:08  Lair  
  48  5:09  Drone  
  48  5:14  Drone  
  50  5:16  Drone  
  50  5:18  Drone  
  52  5:22  Drone  
  52  5:23  Extractor  
  52  5:28  Zerg Missile Weapons Level 1  
  52  5:31  Drone  
  53  5:36  Drone x2  
  53  5:40  Drone  
  53  5:42  Drone  
  57  5:45  Drone  
  58  5:51  Drone x2  
  58  5:55  Extractor  
  58  5:56  Drone  
  60  6:06  Glial Reconstitution  
  60  6:08  Overlord x2  
  60  6:11  Ravager  
  60  6:15  Drone x2  
  59  6:21  Drone  
  59  6:22  Overlord  
  60  6:27  Drone x4  
  60  6:29  Drone  
  60  6:31  Drone  
  66  6:33  Overseer  
  66  6:49  Roach  
  66  6:51  Roach  
  66  6:53  Roach  
  72  6:56  Roach, Hatchery  
  72  6:59  Roach  
  75  7:04  Overlord  
  75  7:07  Roach x2  
  79  7:13  Roach x2  
  83  7:20  Overlord x2, Overseer  
Show
View Real Time Build Order
Export as new Build Order

msrm Zerg 

Build Orders: Pool First 

Get SALT Encoding   

  12  0:17  Spawning Pool  
  11  0:22  Drone  
  11  0:25  Drone  
  13  0:30  Drone  
  14  0:39  Overlord  
  14  1:04  Zergling x4  
  14  1:05  Zergling x2  
  17  1:16  Hatchery  
  16  1:18  Zergling x2  
  16  1:23  Extractor  
  16  1:26  Zergling x2  
  17  1:37  Queen  
  19  1:40  Zergling x2  
  20  1:50  Zergling x2  
  21  1:58  Overlord  
  21  2:18  Drone  
  21  2:26  Metabolic Boost  
  21  2:45  Zergling x10  
  26  3:02  Zergling x10  
  31  3:11  Zergling x2  
  31  3:12  Zergling x2  
  33  3:21  Zergling x2  
  34  3:35  Zergling x2  
  34  3:36  Overlord  
  35  3:54  Zergling x2  
  35  3:55  Zergling x12  
  42  3:59  Zergling x2  
  41  4:05  Zergling x2  
  41  4:07  Zergling x2  
  40  4:20  Zergling x8  
  41  4:25  Zergling x2  
  39  4:32  Zergling x4  
  36  4:43  Zergling x4  
  28  4:49  Zergling x2  
  28  4:51  Drone  
  23  5:00  Queen  
  25  5:11  Drone x3  
  28  5:20  Drone x2  
  30  5:28  Drone  
  30  5:29  Drone  
  32  5:38  Drone x4  
  36  5:48  Roach Warren  
  34  5:57  Drone x3  
  34  5:58  Drone  
  37  6:12  Spine Crawler  
  37  6:14  Spine Crawler  
  37  6:16  Spine Crawler  
  31  6:23  Overlord  
  31  6:26  Drone  
  31  6:27  Drone x3  
  35  6:33  Extractor  
  35  6:36  Roach x2  
  38  6:44  Drone x3  
  38  6:45  Drone  
  44  6:54  Lair  
  44  7:02  Drone x6  
  50  7:12  Evolution Chamber  
  48  7:20  Hatchery, Drone x2  
  48  7:21  Drone  
  49  7:31  Roach  
  49  7:34  Overlord  
  49  7:35  Overlord  
  51  7:45  Extractor  
Tags
 
Add a new tag
Caveats
  • Supply blocks, unpowered buildings, or Contaminate may cause inaccurate times.
  • Supply counts are checked every 10 seconds.